 Dungeon Crawl Stone Soup version 0.28-a0-906-g0406aca7d3 (webtiles) character file.

Game seed: 10596776496255333405

28 gigimoi the Chopper (level 3, 0/33 HPs)
             Began as a Hill Orc Monk on Nov 23, 2021.
             Succumbed to Terence's poison
             ... on level 2 of the Dungeon.
             The game lasted 00:02:13 (1150 turns).

gigimoi the Chopper (Hill Orc Monk)                 Turns: 1150, Time: 00:02:14

Health: 0/33       AC:  2    Str: 13    XL:     3   Next: 14%
Magic:  3/3        EV: 12    Int: 10    God:
Gold:   81         SH:  0    Dex: 14    Spells: 2/2 levels left

rFire   . . .      SeeInvis .   e - +1 dagger (drain)
rCold   . . .      Faith    .   (no shield)
rNeg    . . .      Spirit   .   b - +0 robe
rPois   .          Reflect  .   (no helmet)
rElec   .          Harm     .   (no cloak)
rCorr   .          Rampage  .   (no gloves)
Will    .....                   (no boots)
Stlth   ++........              (no amulet)
HPRegen 0.11/turn               (no ring)
MPRegen 0.08/turn               (no ring)

@: lethally poisoned (0 -> -8)
A: no striking features
a: no special abilities


You were on level 2 of the Dungeon.
You visited 1 branch of the dungeon, and saw 2 of its levels.

You collected 81 gold pieces.

Inventory:

Hand Weapons
 a - a +0 hand axe
 e - a +1 dagger of draining (weapon)
Armour
 b - a +0 robe (worn)
Potions
 c - a potion of lignification {unknown}
 d - a potion of berserk rage {unknown}


   Skills:
 * Level 4.2 Fighting
 + Level 4.4 Axes
 + Level 2.7 Dodging
 - Level 1.9 Stealth


You had 2 spell levels left.
You didn't know any spells.
Your spell library was empty.

Dungeon Overview and Level Annotations

Branches:
Dungeon (2/15)

Altars:

Annotations:
D:2 Terence


Message History

You barely miss the bat. The bat misses you. The bat closely misses you.
The bat barely misses you.
You miss the bat. The bat barely misses you. x2
The bat hits you but does no damage.
You closely miss the bat. The bat misses you.
The bat hits you but does no damage.
You hit the bat.
You kill the bat!
You hit Terence but do no damage.
Terence hits you with a +1 short sword of venom.
You are poisoned.
You barely miss Terence.
You feel very sick.
Terence says, "Time to say good-bye..."
Terence hits you with a +1 short sword of venom.
You are more poisoned.
You barely miss Terence.
You feel very sick. Terence barely misses you.
You barely miss Terence.
You feel very sick. Terence closely misses you.
You hit Terence but do no damage.
You feel sick. Terence barely misses you.
You hit Terence but do no damage.
You feel sick. Terence closely misses you.
You hit Terence but do no damage.
You feel sick. Terence closely misses you.
You hit Terence but do no damage. You drain Terence.
Terence is lightly wounded.
You feel sick.
Terence hits you with a +1 short sword of venom.
* * * LOW HITPOINT WARNING * * *
You are more poisoned.
You barely miss Terence.
Terence is lightly wounded.
* * * LOW HITPOINT WARNING * * *
You feel very sick. Terence closely misses you.
You hit Terence. You drain Terence.
Terence is heavily wounded.
You die...

#.# ###.##
#..<.# #.##.#
###.#..#########
#...#...#......#
#.#..)#.#.####.#
#.........# #.#
###.#.....# #@#
#.#.....# #@#
#.#..........#
#.#...........
#.#....#..###.#
..#....#..# ..
#....#..# .#. #
.#. .. .


You could see Terence (drained).

Vanquished Creatures
  A dart slug (D:1)
  2 endoplasms (D:1)
  A giant cockroach (D:1)
  5 goblins
  2 jackals (D:1)
  3 ball pythons (D:1)
  3 bats
  2 frilled lizards (D:1)
  3 kobolds (D:1)
  3 rats (D:1)
25 creatures vanquished.

Vanquished Creatures (others)
  2 plants (D:1)
2 creatures vanquished.

Grand Total: 27 creatures vanquished

Notes
Turn   | Place    | Note
-------+----------+-------------------------------------------
     0 | D:1      | gigimoi the Hill Orc Monk began the quest for the Orb.
     0 | D:1      | Reached XP level 1. HP: 19/19 MP: 1/1
   148 | D:1      | Reached XP level 2. HP: 23/27 MP: 2/2
   805 | D:1      | Reached XP level 3. HP: 24/33 MP: 3/3
  1134 | D:2      | Noticed Terence
  1150 | D:2      | Succumbed to Terence's poison

Illustrated notes

Levels and vault maps discovered:
D:1:      dpeg_arrival_pits, layout_loops_ring, serial_bayou_lagoon_b
D:2:      layout_basic, uniq_terence

Skill      XL: |  1  2 |
---------------+-------+-----
Fighting       | 4 |  4.2
Axes           | |  4.4
Dodging        | |  2.7
Stealth        | |  1.9

Action                   || total
-------------------------++-------
Melee: Hand axe          ||    46
       Dagger            ||    31
 Stab: Sleeping          ||     3
Armor: Robe              ||    10
Dodge: Dodged            ||    55

Table legend: (Time is in decaauts)
 A = Elapsed time spent in this place.
 B = Non-inter-level travel time spent in this place.
 C = Inter-level travel time spent in this place.
 D = Time resting spent in this place.
 E = Time spent auto-exploring this place.
 F = Levels seen in this place.
 G = Mean time per level.
                   A        B        C        D        E       F      G
               +--------+--------+--------+--------+--------+-----+--------+
         Total |   1188 |   1148 |     40 |    151 |    798 |   2 |  594.0 |
       Dungeon |   1188 |   1148 |     40 |    151 |    798 |   2 |  594.0 |
               +--------+--------+--------+--------+--------+-----+--------+

Top non-repeatable levels by time:
     D:1: 1150 daAuts
     D:2: 37 daAuts
